AoeStats
← rbpatter

Arabia

503197957Analyzed
1v1 RM · 1mo ago on Aug 30, 2026· 30m 1s· 2 players
Game mode
Random Map
Map size
Tiny (2 player)
Population
200
Speed
Normal
Resources
Standard
Victory
Conquest
Starting age
Dark Age
Ending age
Imperial Age
RankedLock teamsTeams togetherTeam positionsShared explorationLock speedFull tech treeHidden civsTurbo modeCheats
Victory
Defeat
🇹🇷 Sicilians · Türkiye
962
+14
🇺🇸 Malians · United States
918
-37
rbpatter
11:26 Feudal Age
9:49 Loom
10:14 Loom
11:49 Man-at-Arms
16:26 Fletching
18:33 Padded Archer Armor
ygtykp
10:22 Feudal Age
8:41 Loom
10:26 Feudal Age
15:05 Double-Bit Axe
15:14 Fletching
17:52 Wheelbarrow
17:20 Padded Archer Armor
20:55 Horse Collar
22:29 Bloodlines
25:51 Castle Age
24:34 Scale Barding Armor
26:06 Crossbowman
29:38 Ballistics
Connection lost

Rejoining the realm…

Still unreachable

The connection could not be restored.

Session expired

The server has moved on; the page needs a fresh start.